 Dungeon Crawl Stone Soup version 0.22.1-5-g62c59d9 (webtiles) character file.

15877 Yuikono the Basher (level 12, -4/68 HPs)
             Began as a Gargoyle Fighter on Jan 10, 2019.
             Was an Elder of the Shining One.
             Hit by a javelin of penetration thrown by a minotaur (22 damage)
             ... in a labyrinth on Jan 11, 2019.
             The game lasted 01:07:44 (11416 turns).

Yuikono the Basher (Gargoyle Fighter)              Turns: 11416, Time: 01:07:45

Health: -4/68      AC: 27    Str: 28    XL:     12   Next: 31%
Magic:  11/19      EV:  8    Int:  8    God:    the Shining One [****..]
Gold:   858        SH: 11    Dex:  9    Spells: 11/11 levels left

rFire    . . .     SeeInvis .   G - +0 hand crossbow
rCold    . . .     Gourm    .   c - +0 shield
rNeg     + + +     Faith    .   B - +4 scale mail
rPois    ∞         Spirit   .   A - +0 helmet
rElec    +         Reflect  .   M - +2 cloak {+Inv}
rCorr    .         Harm     .   v - +0 pair of gloves (curse)
MR       +....                  K - +0 pair of boots
Stlth    ..........             k - amulet of regeneration
HPRegen  0.61/turn              m - ring of protection from magic
MPRegen  0.16/turn              (no ring)

@: glowing
A: frail 1, negative energy resistance 1, electricity resistance, strong 1,
unbreathing, petrification resistance, rot immunity, AC +8
a: Divine Shield, Cleansing Flame, Renounce Religion, Evoke Invisibility


You were in a labyrinth.
You worshipped the Shining One.
The Shining One was greatly pleased with you.
You were very hungry.

You visited 3 branches of the dungeon, and saw 15 of its levels.
You also visited: Labyrinth and Sewer.

You collected 858 gold pieces.

Inventory:

Hand Weapons
 G - a +0 hand crossbow (weapon)
 H - a +1 flail of holy wrath
Missiles
 e - 66 bolts (quivered)
 i - 331 stones
 q - 3 curare-tipped needles
 R - a throwing net
 V - 2 tomahawks
Armour
 c - a +0 shield (worn)
 v - a cursed +0 pair of gloves (worn)
 A - a +0 helmet (worn)
 B - a +4 scale mail (worn)
 D - the +1 scale mail of the Jackalope {rF++}
   (You took it off an orc on level 9 of the Dungeon)

   It greatly protects you from fire.
 K - a +0 pair of boots (worn)
 M - a +2 cloak of invisibility (worn)
Magical Staves
 g - an uncursed staff of energy
 Z - an uncursed staff of cold
Jewellery
 d - a +2 ring of evasion
 k - an amulet of regeneration (around neck)
 m - a ring of protection from magic (left hand)
 t - an uncursed ring of resist corrosion
 I - an uncursed amulet of magic regeneration
 Y - an uncursed ring of fire
Wands
 x - a wand of random effects (30)
 E - a wand of digging (17)
 P - a wand of iceblast (16)
Scrolls
 j - 2 scrolls of amnesia
 l - a scroll of noise {unknown}
 o - 10 scrolls of teleportation
 p - 7 scrolls of fog
 r - 9 scrolls of remove curse
 s - 3 scrolls of enchant weapon
 u - 4 scrolls of blinking
 y - a scroll of magic mapping
 L - 3 scrolls of fear {unknown}
 N - 2 scrolls of holy word
 Q - 2 scrolls of vulnerability
 X - a scroll of summoning {unknown}
Potions
 a - a potion of berserk rage
 b - 2 potions of heal wounds {unknown}
 h - 4 potions of flight
 n - a potion of might
 w - 2 potions of haste
 z - a potion of lignification
 C - 2 potions of resistance {unknown}
 F - a potion of invisibility
 J - 2 potions of brilliance {unknown}
 O - a potion of cancellation
 S - 2 potions of curing
 U - a potion of agility
Miscellaneous
 T - a fan of gales
 W - a sack of spiders
Comestibles
 f - 23 rations


   Skills:
 - Level 9.6 Fighting
 + Level 10.7 Maces & Flails
 - Level 6.8 Armour
 - Level 6.8 Shields
 + Level 9.7 Invocations
 + Level 8.1 Evocations


You had 11 spell levels left.
You didn't know any spells.
Your spell library contained the following spells:

 Spells                   Type           Power        Failure   Level  Hunger
 Corona                   Hex            #......      94%         1    ##.....
 Flame Tongue             Conj/Fire      #....        94%         1    ##.....
 Magic Dart               Conj           #...         94%         1    ##.....
 Blink                    Tloc           N/A          98%         2    ###....
 Call Imp                 Summ           #.......     98%         2    ###....
 Ensorcelled Hibernation  Hex/Ice        #.....       98%         2    ###....
 Slow                     Hex            #.......     98%         2    ###....
 Throw Flame              Conj/Fire      #.....       98%         2    ###....
 Confuse                  Hex            #.......     100%        3    ####...
 Conjure Flame            Conj/Fire      #.......     100%        3    ####...
 Dazzling Spray           Conj/Hex       #.....       100%        3    ####...
 Inner Flame              Hex/Fire       #.......     100%        3    ####...
 Mephitic Cloud           Conj/Pois/Air  #.......     100%        3    ####...
 Static Discharge         Conj/Air       #.......     100%        3    ####...
 Tukima's Dance           Hex            #.......     100%        3    ####...
 Leda's Liquefaction      Hex/Erth       #.........   100%        4    #####..
 Sticky Flame             Conj/Fire      #.......     100%        4    #####..
 Bolt of Magma            Conj/Fire/Erth #.........   100%        5    ######.
 Fireball                 Conj/Fire      #.........   100%        5    ######.
 Lightning Bolt           Conj/Air       #.........   100%        5    ######.
 Iron Shot                Conj/Erth      #.........   100%        6    #######
 Ignition                 Fire           #.........   100%        8    #######
 Shatter                  Erth           #.........   100%        9    #######
 Tornado                  Air            #.........   100%        9    #######
 Statue Form              Tmut/Erth      Unusable     N/A         6    N/A

Dungeon Overview and Level Annotations

Branches:
Dungeon (15/15)            Temple (1/1) D:5            Lair (0/6) D:11
    Orc (1/2) D:9          Depths (0/5) D:15
 Vaults: D:13-14

Altars:
Ashenzari
Cheibriados
Dithmenos
Elyvilon
Fedhas
Gozag
Hepliaklqana
Kikubaaqudgha
Makhleb
Nemelex Xobeh
Okawaru
Qazlal
Ru
Sif Muna
Trog
Uskayaw
Vehumet
Wu Jian
Xom
Yredelemnul
Zin
The Shining One

Annotations:
D:12 1 runed door
Orc:1 Snorg


Innate Abilities, Weirdness & Mutations

You are resistant to torment.
Your stone body is resilient. (AC +8)
You are immune to poison.
You resist negative energy. (rN+)
You are resistant to electric shocks. (rElec)
You can survive without breathing.
You are immune to petrification.
You are immune to rotting.
You are frail. (-10% HP)
Your muscles are strong. (Str +2)


Message History

The minotaur throws a javelin of penetration.
The javelin of penetration pierces through you!!
Firing (i - inventory. (/) - cycle)
e - 67 bolts (quivered)
Press: ? - help, Shift-Dir - straight line, f/p - minotaur
Aim: a minotaur, wearing a plate armour and wearing a ring of evasion (haloed)
You shoot a bolt. The bolt hits the minotaur.
The minotaur is lightly wounded.
The minotaur throws a javelin of penetration.
The javelin of penetration pierces through you!
The minotaur throws a javelin of penetration.
The javelin of penetration pierces through you!!
* * * LOW HITPOINT WARNING * * *
You are momentarily dazzled by a brilliant light.
You feel somewhat more hungry.
You can no longer summon a divine warrior.
Your daeva hits the minotaur with a long sword of holy wrath!!
Your daeva hits the minotaur with a long sword of holy wrath.
The minotaur throws a javelin of penetration.
The javelin of penetration pierces through you!!
You die...

# # ##( ..
# ..H †# #
####.# # .
# #
..#...# .
.
..#.#H###
..§ . A..#
≈ .#
###.#####
≈ .
...#...#.
≈ .#.
###@# ###
.§ ≈
.#...#...#
# .. ...##
##.###.#.#
. # ...
#.....
.#...# ##
# # ## #.#
#.#.###
..#... # #
#.##
.###### #
#. ..
..... . ▓▓
▓ ▓▓ ▓▓▓▓▓


You could see a minotaur and a friendly daeva.

Vanquished Creatures
  Harold (D:7)
  A great orb of eyes (D:15)
  A centaur warrior (D:12)
  A two-headed ogre (D:12)
  An unseen horror (D:12)
  A cyclops (D:11)
  An ugly thing (D:11)
  Maurice (D:8)
  4 gargoyles
  A freezing wraith (D:12)
  A troll (D:12)
  A hornet (D:12)
  2 hippogriffs
  A shadow (Lab)
  4 redbacks (Lab)
  A spriggan (D:8)
  3 wyverns
  9 yaks
  2 hungry ghosts
  A basilisk (D:11)
  A soldier ant (D:11)
  A warg (D:9)
  Edmund (D:4)
  A swamp drake (D:11)
  A sky beast (D:7)
  2 ice beasts
  6 orc warriors
  A black bear (D:7)
  A necrophage (D:8)
  10 ogres
  8 centaurs
  2 crocodiles
  Blork the orc (D:5)
  2 big kobolds
  5 bullfrogs
  A gnoll sergeant (D:9)
  A wyvern skeleton (D:6)
  4 scorpions
  A killer bee (D:11)
  A spriggan skeleton (Lab)
  8 wights
  A bullfrog zombie (D:9)
  3 howler monkeys
  4 crimson imps
  4 gnoll shamans (D:7)
  7 orc priests
  Crazy Yiuf (D:7)
  5 hounds
  6 jellies
  4 bullfrog skeletons
  2 iguanas
  Natasha (thrice) (D:2)
  8 orc wizards
  7 worker ants
  A hound zombie (D:6)
  An ogre skeleton (Lab)
  A howler monkey zombie (D:9)
  A worker ant zombie (D:11)
  14 gnolls
  7 adders
  3 river rats (D:4)
  2 shadow imps
  4 oozes (Sewer)
  An adder zombie (D:7)
  6 worms
  A dart slug (D:2)
  2 leopard geckos (D:4)
  32 orcs
  4 ball pythons (Sewer)
  6 giant cockroaches
  7 hobgoblins
  17 jackals
  4 quokkas
  11 bats
  6 frilled lizards
  A goblin (D:1)
  14 kobolds
  A leopard gecko skeleton (D:4)
  9 rats
308 creatures vanquished.

Vanquished Creatures (collateral kills)
  A cyclops (D:11)
  A killer bee (D:11)
2 creatures vanquished.

Vanquished Creatures (others)
  A killer bee (D:11)
  A scorpion (D:5)
  A leopard gecko (D:5)
  6 fungi (D:7)
  5 plants (D:7)
14 creatures vanquished.

Grand Total: 324 creatures vanquished

Notes
Turn   | Place    | Note
-------+----------+-------------------------------------------
     0 | D:1      | Yuikono the Gargoyle Fighter began the quest for the Orb.
     0 | D:1      | Reached XP level 1. HP: 14/14 MP: 1/1
   254 | D:1      | Reached XP level 2. HP: 19/19 MP: 2/2
   684 | D:2      | Reached XP level 3. HP: 24/24 MP: 3/3
   820 | D:2      | Noticed Natasha
   829 | D:2      | Killed Natasha
   858 | D:2      | Reached XP level 4. HP: 29/29 MP: 4/4
   989 | D:2      | Found a shadowy altar of Dithmenos.
  1004 | D:2      | Found a shimmering altar of Xom.
  1017 | D:2      | Noticed Natasha
  1029 | D:2      | Killed Natasha
  1328 | D:2      | Noticed Natasha
  1331 | D:2      | Killed Natasha
  1331 | D:2      | Reached skill level 3 in Maces & Flails
  1331 | D:2      | Reached XP level 5. HP: 29/33 MP: 5/5
  1410 | D:3      | Gained mutation: You are frail. (-10% HP) [potion of
                  | mutation]
  1410 | D:3      | Gained mutation: Your muscles are strong. (Str +2) [potion
                  | of mutation]
  1422 | D:3      | Found an opulent altar of Gozag.
  1426 | D:3      | Found a blossoming altar of Fedhas.
  1428 | D:3      | Found a white marble altar of Elyvilon.
  1429 | D:3      | Found a burning altar of Makhleb.
  1431 | D:3      | Found a glowing golden altar of the Shining One.
  1483 | D:3      | Became a worshipper of the Shining One
  2323 | D:4      | Noticed an ogre
  2345 | D:4      | Reached XP level 6. HP: 33/35 MP: 6/6
  2370 | D:4      | Found a sacrificial altar of Ru.
  2370 | D:4      | Found a stormy altar of Qazlal.
  2517 | D:4      | Found a glowing drain.
  2522 | D:4      | Reached skill level 4 in Maces & Flails
  2529 | Sewer    | Entered a sewer
  2534 | Sewer    | Reached skill level 5 in Fighting
  2565 | Sewer    | Reached skill level 5 in Armour
  2637 | Sewer    | Reached * piety under the Shining One
  2982 | Sewer    | Reached XP level 7. HP: 39/39 MP: 7/7
  3067 | Sewer    | Reached skill level 5 in Shields
  3301 | D:4      | Found an iron altar of Okawaru.
  3310 | D:4      | Noticed Edmund
  3321 | D:4      | Killed Edmund
  3779 | D:5      | Entered Level 5 of the Dungeon
  3881 | D:5      | Noticed Blork the orc
  3893 | D:5      | Killed Blork the orc
  4000 | D:5      | Found a basalt altar of Yredelemnul.
  4016 | D:5      | Reached XP level 8. HP: 31/45 MP: 8/8
  4107 | D:5      | Found an ornate altar of the Wu Jian Council.
  4588 | D:5      | Reached skill level 5 in Maces & Flails
  4589 | D:5      | Found a staircase to the Ecumenical Temple.
  4627 | Temple   | Entered the Ecumenical Temple
  5399 | D:6      | Reached ** piety under the Shining One
  5746 | D:7      | Reached XP level 9. HP: 50/50 MP: 9/9
  5776 | D:7      | Noticed Harold
  5800 | D:7      | Killed Harold
  5800 | D:7      | Reached skill level 6 in Maces & Flails
  6100 | D:7      | Reached skill level 7 in Maces & Flails
  6190 | D:7      | Reached XP level 10. HP: 57/57 MP: 13/13
  6349 | D:7      | Found a runed door.
  6355 | D:7      | Noticed Crazy Yiuf
  6358 | D:7      | Killed Crazy Yiuf
  6937 | D:8      | Noticed Maurice
  6962 | D:8      | Killed Maurice
  6992 | D:8      | Found a hazy altar of Hepliaklqana.
  7011 | D:8      | Reached skill level 5 in Invocations
  7368 | D:9      | Reached *** piety under the Shining One
  7417 | D:9      | Reached skill level 8 in Maces & Flails
  7491 | D:9      | Found a staircase to the Orcish Mines.
  7875 | D:9      | Reached skill level 5 in Evocations
  8177 | Orc:1    | Entered Level 1 of the Orcish Mines
  8177 | Orc:1    | Noticed Snorg
  8190 | D:9      | Got a fine scale mail
  8202 | D:9      | Identified the +1 scale mail of the Jackalope {rF++} (You
                  | took it off an orc on level 9 of the Dungeon)
  8233 | D:10     | Entered Level 10 of the Dungeon
  8456 | D:10     | Reached XP level 11. HP: 63/63 MP: 15/15
  9014 | D:10     | Reached **** piety under the Shining One
  9334 | D:11     | Noticed a cyclops
  9334 | D:11     | Noticed a cyclops
  9453 | D:11     | Killed a cyclops
  9477 | D:11     | Killed a cyclops
  9610 | D:11     | Reached skill level 9 in Maces & Flails
  9958 | D:11     | Found a staircase to the Lair.
 10185 | D:11     | Noticed a red ugly thing
 10195 | D:11     | Killed a red ugly thing
 10508 | D:12     | Noticed a two-headed ogre
 10521 | D:12     | Killed a two-headed ogre
 10564 | D:12     | Noticed an unseen horror
 10632 | D:12     | Killed an unseen horror
 10649 | D:12     | Found a runed door.
 10766 | D:12     | Reached skill level 10 in Maces & Flails
 11034 | D:12     | Reached XP level 12. HP: 68/68 MP: 18/18
 11137 | D:12     | Noticed a centaur warrior
 11137 | D:12     | Reached ***** piety under the Shining One
 11150 | D:12     | Killed a centaur warrior
 11170 | D:12     | You fall through a shaft for 3 floors!
 11170 | D:15     | Entered Level 15 of the Dungeon
 11170 | D:15     | Noticed a great orb of eyes
 11180 | D:15     | Killed a great orb of eyes
 11195 | D:15     | Found a labyrinth entrance.
 11210 | Lab      | Entered a labyrinth
 11402 | Lab      | Noticed a minotaur
 11416 | Lab      | Hit by a javelin of penetration thrown by a minotaur

Skill      XL: |  1  2  3  4  5  6  7  8  9 10 11 12 |
---------------+-------------------------------------+-----
Fighting       | 4 5 6 8 9 |  9.6
Armour         | 4 5 6 |  6.8
Shields        | 4 5 6 |  6.8
Maces & Flails | 3 4 5 7 8 10 | 10.7
Invocations    | 4 6 9 |  9.7
Evocations     | 3 5 7 8 |  8.1

Action                   |  1- 3 |  4- 6 |  7- 9 | 10-12 || total
-------------------------+-------+-------+-------+-------++-------
Melee: Flail             |    70 |   238 |   269 |   600 ||  1177
 Fire: Hand crossbow     |       |       |       |     9 ||     9
Throw: Stone             |     4 |     1 |     8 |    11 ||    24
Invok: Divine Shield     |       |       |       |     1 ||     1
       Summon Divine War |       |       |       |     1 ||     1
Evoke: Wand              |       |       |    19 |    47 ||    66
       Sack of spiders   |       |       |       |     2 ||     2
  Use: Scroll            |       |     7 |       |    10 ||    17
       Potion            |       |     7 |     1 |     1 ||     9
  Eat: Chunk             |       |     4 |    11 |    12 ||    27
       Ration            |       |     1 |       |     2 ||     3
Armor: Scale mail        |    39 |   183 |    25 |   166 ||   413
       Leather armour    |       |       |    85 |    50 ||   135
       Chain mail        |       |       |       |    67 ||    67
Dodge: Dodged            |    21 |    85 |    74 |   154 ||   334
Block: Shield            |    42 |   181 |   147 |   323 ||   693
